 Dungeon Crawl Stone Soup version 0.29.0 (webtiles) character file.

Game seed: 17006737414130063924

111 NinjaNoafa the Chopper (level 4, -1/42 HPs)
             Began as a Hill Orc Monk on Aug 24, 2022.
             Was a Believer of Fedhas.
             Slain by a gnoll bouda
             ... wielding a +0 club
              (4 damage)
             ... on level 4 of the Dungeon.
             The game lasted 00:08:01 (3067 turns).

NinjaNoafa the Chopper (Hill Orc Monk)              Turns: 3067, Time: 00:08:02

Health: -1/42      AC:  8    Str: 12    XL:     4   Next: 92%
Magic:  4/4        EV:  6    Int: 10    God:    Fedhas [**....]
Gold:   139        SH:  0    Dex: 13    Spells: 3/3 levels left

rFire   . . .      SeeInvis .   r - +2 hand axe of the Piercing Weasel {vorpal, Will++ Str-3}
rCold   . . .      Faith    .   (no shield)
rNeg    . . .      Spirit   .   t - +0 chain mail
rPois   .          Reflect  .   (no helmet)
rElec   .          Harm     .   (no cloak)
rCorr   .          Rampage  .   (no gloves)
Will    ++...                   (no boots)
Stlth   ..........              d - amulet of magic regeneration
HPRegen 0.14/turn               n - ring of flight
MPRegen 0.49/turn               (no ring)

@: confused, mighty, ambrosia-drunk, flying
A: no striking features
a: Renounce Religion, Wall of Briars


You were on level 4 of the Dungeon.
You worshipped Fedhas.
Fedhas was pleased with you.
You visited 2 branches of the dungeon, and saw 5 of its levels.

You collected 163 gold pieces.
You spent 24 gold pieces at shops.

Inventory:

Hand Weapons
 r - the +2 hand axe of the Piercing Weasel (weapon) {vorpal, Will++ Str-3}
   (You found it on level 4 of the Dungeon)

   It inflicts extra damage upon your enemies.
   Str:       It affects your strength (-3).
   Will:      It greatly increases your willpower.
Missiles
 e - 6 poisoned darts (quivered)
 j - 31 stones
Armour
 t - a +0 chain mail (worn)
Jewellery
 d - an amulet of magic regeneration (around neck)
 n - a ring of flight (left hand)
Wands
 p - a wand of polymorph (14)
Scrolls
 a - a scroll of immolation
 f - 7 scrolls of teleportation
 h - a scroll of brand weapon
 q - a scroll of enchant weapon
Potions
 b - a potion of berserk rage {unknown}
 i - a potion of cancellation {unknown}
 k - 2 potions of degeneration {unknown}
 m - a potion of invisibility {unknown}
 o - 2 potions of magic {unknown}
 s - a potion of heal wounds {unknown}


   Skills:
 - Level 5.0 Fighting
 - Level 5.0 Axes
 + Level 2.7 Armour
 - Level 2.4 Dodging
 - Level 1.5 Stealth


You had 3 spell levels left.
You didn't know any spells.
Your spell library contained the following spells:

 Spells                   Type           Power      Damage    Failure   Level
 Summon Small Mammal      Summ           0%         N/A       100%        1
 Call Canine Familiar     Summ           0%         N/A       100%        3
 Portal Projectile        Hex/Tloc       0%         N/A       100%        3
 Summon Guardian Golem    Hex/Summ       0%         N/A       100%        3
 Tukima's Dance           Hex            0%         N/A       100%        3
 Blade Hands              Tmut           0%         N/A       100%        5


Dungeon Overview and Level Annotations

Branches:
Dungeon (4/15)             Temple (1/1) D:4

Altars:
Ashenzari
Cheibriados
Dithmenos
Elyvilon
Fedhas
Gozag
Hepliaklqana
Kikubaaqudgha
Makhleb
Okawaru
Qazlal
Ru
Sif Muna
Trog
Uskayaw
Vehumet
Wu Jian
Xom
Yredelemnul
Zin
The Shining One

Shops:
D:2 ?


Message History

Okay, then.
As you read the scroll labelled QEV ZEITAOPRO, it crumbles to dust.
It is a scroll of enchant weapon.
You aren't carrying any weapons that can be enchanted.
Okay, then.
You hit the gnoll.
The gnoll is moderately wounded.
The gnoll hits you with a +0 whip.
You hit the gnoll.
The gnoll is severely wounded.
The gnoll hits you with a +0 whip.
You hit the gnoll.
You kill the gnoll!
Fedhas appreciates your contribution to the ecosystem.
Training target 5.0 for Fighting reached!
Your Fighting skill increases to level 5!
You hit the gnoll bouda.
The gnoll bouda is heavily wounded.
The gnoll hits you but does no damage.
The gnoll bouda hits you with a +0 club!
The gnoll hits you from afar with a +0 halberd.
You hit the gnoll bouda but do no damage.
The gnoll bouda is heavily wounded.
The gnoll hits you from afar with a +0 spear.
The gnoll bouda barely misses you.
The gnoll hits you from afar with a +0 halberd.
* * * LOW HITPOINT WARNING * * *
You are confused.
You feel invigorated.
Your attacks no longer feel as feeble.
The gnoll hits you but does no damage.
The gnoll bouda hits you with a +0 club.
The gnoll hits you from afar with a +0 halberd!
* * * LOW HITPOINT WARNING * * *
You feel very mighty all of a sudden.
The gnoll hits you from afar with a +0 spear.
* * * LOW HITPOINT WARNING * * *
The gnoll bouda hits you with a +0 club.
You die...
Fedhas appreciates your contribution to the ecosystem.

... .g. #g# ######
#.##.$....
#.........
#######gg.......
#......Pg.......
#####g##...P........
#..@gg..P...........
#.###...............
# ##...........P..
#.####..............
#....<..............
#..###......P.......
# #.P........P.P..
#....)..PP....).
#............$..


You could see a gnoll bouda and 2 gnolls.

Vanquished Creatures
  A gnoll (D:4)
  5 adders
  A worm (D:2)
  A dart slug (D:1)
  5 ball pythons
  3 bats
  3 endoplasms
  5 goblins
  5 hobgoblins
  3 quokkas
  7 frilled lizards (D:1)
  5 kobolds
  12 rats
56 creatures vanquished.

Vanquished Creatures (others)
  A demonic plant (D:1)
  10 plants
11 creatures vanquished.

Grand Total: 67 creatures vanquished

Notes
Turn   | Place    | Note
-------+----------+-------------------------------------------
     0 | D:1      | NinjaNoafa the Hill Orc Monk began the quest for the Orb.
     0 | D:1      | Reached XP level 1. HP: 19/19 MP: 1/1
   248 | D:1      | Reached XP level 2. HP: 27/27 MP: 2/2
   258 | D:1      | Reached skill level 1 in Armour
   600 | D:1      | Found a faded altar of an unknown god.
   923 | D:1      | Reached XP level 3. HP: 33/33 MP: 3/3
  1682 | D:2      | Reached XP level 4. HP: 39/41 MP: 4/4
  1873 | D:2      | Found Haggal's Magic Scroll Shoppe.
  1889 | D:2      | Bought a scroll of identify for 24 gold pieces
  1994 | D:2      | You fall into a shaft and drop 2 floors!
  2002 | D:4      | Noticed an angel
  2027 | D:4      | Found a staircase to the Ecumenical Temple.
  2036 | Temple   | Entered the Ecumenical Temple
  2273 | Temple   | Became a worshipper of Fedhas Madash
  2273 | Temple   | Reached * piety under Fedhas
  2273 | Temple   | Reached ** piety under Fedhas
  2327 | D:4      | Identified the +2 hand axe of the Piercing Weasel {vorpal,
                  | Will++ Str-3}
  2334 | D:4      | Noticed a rust devil
  2376 | D:4      | Reached skill level 5 in Axes
  3064 | D:4      | Reached skill level 5 in Fighting
  3066 | D:4      | HP: 2/42 [gnoll/+0 halberd[a gnoll bouda] (11)]
  3067 | D:4      | Slain by a gnoll bouda

Illustrated notes

Levels and vault maps discovered:
D:1:      evilmike_arrival_fibonacci_small, layout_loops_cross,
          dreamdust_ecumenical_altar_sealed_demon, minmay_lizard_king
D:2:      layout_loops_ring, serial_shops, nicolae_lakefront_shop
D:3:      layout_rooms
D:4:      layout_loops_ring, temple_garden, corexii_item_surrounded_by_moat,
          uniq_duvessa
Temple:   nicolae_temple_bog_church

Skill      XL: |  1  2  3  4 |
---------------+-------------+-----
Armour         | 1 2 |  2.7
Fighting       | 4 5 |  5.0
Axes           | 5 |  5.0
Dodging        | |  2.4
Stealth        | |  1.5

Action                   |  1- 3 |  4- 6 || total
-------------------------+-------+-------++-------
Melee: Hand axe          |   135 |    40 ||   175
       Short sword       |       |    15 ||    15
  Use: Potion            |     1 |     2 ||     3
       Scroll            |       |     5 ||     5
 Stab: Sleeping          |     5 |       ||     5
Armor: Robe              |    10 |       ||    10
       Scale mail        |    21 |    23 ||    44
       Chain mail        |       |     4 ||     4
Dodge: Dodged            |    79 |    29 ||   108
